cohdb
Replays
Latest Replays
All Replays
Popular Replays
Top Player Replays
Match Explorer
How It Works
Community
CoH3 Stats
Reddit
Sign in to upload your games and track your stats! →
Sign in with Steam
Match 39846778
Unlisted
Match 39846778
Overview
Messages
Build Orders
End
Construct Barracks
Selects Heavy Weapons
Scout Squad
Riflemen Squad
Riflemen Squad
Construct Weapon Support Center
M1919 Machine Gun Team
Grenade Package
Selects M2HB .50cal Heavy Machine Gun
Air Support Center
Sniper
P-47 Strafing Run
Construct Medical Station
M1918 Browning Automatic Rifles
Construct Motor Pool
Selects Rapid Reposition
M24 Chaffee Light Tank
Selects Assault Carriers
M24 Chaffee Light Tank
Engineer Squad
Riflemen Squad
Riflemen Squad
Selects Halftrack Strongpoints
Shifty
Ushins
The Corporate Elbow
said
LeopoldStotch
vindicatus
Oncle-Hô
Doubleduck
0
0
Comments
sign in to comment!
No comments posted yet!